 Dungeon Crawl Stone Soup version 0.31-a0-702-gf82c85558f (webtiles) character file.

Game seed: 15894533309346282049

334 qw the Shooter (level 6, 0/38 HPs)
             Began as a Gargoyle Hunter on Sept 8, 2023.
             Killed from afar by Edmund (8 damage)
             ... with a puff of flame
             ... on level 4 of the Dungeon.
             The game lasted 00:01:03 (2659 turns).

qw the Shooter (Gargoyle Hunter)                    Turns: 2659, Time: 00:01:03

Health: 0/38       AC:  8    Str: 14    XL:     6   Next: 53%
Magic:  6/6        EV: 12    Int: 10    God:
Gold:   154        SH:  0    Dex: 15    Spells: 5/5 levels left

rFire   . . .        Y - +1 shortbow
rCold   . . .        (shield currently unavailable)
rNeg    + . .        f - +1 robe of Satisfaction {+Inv rCorr}
rPois   inf          (no helmet)
rElec   +            b - +0 cloak
rCorr   +            (no gloves)
SInv    .            (no boots)
Will    .....        (no amulet)
Stlth   ++           (no ring)
HPRegen 0.26/turn    (no ring)
MPRegen 0.10/turn

%: no passive effects
@: no status effects
A: sickness immunity, AC +4, negative energy resistance 1, electricity
resistance, torment resistance 1, petrification resistance
a: Evoke Invisibility


You were on level 4 of the Dungeon.
You visited 1 branch of the dungeon, and saw 4 of its levels.

You collected 154 gold pieces.


Innate Abilities, Weirdness & Mutations

You are immune to sickness and miasma.
Your stone body is resilient. (AC +4)
You are immune to poison.
You resist negative energy. (rN+)
You are resistant to electric shocks. (rElec)
You are resistant to unholy torment.
You are immune to petrification.


   Skills:
 - Level 4.0 Fighting
 + Level 6.9 Ranged Weapons
 - Level 1.5 Dodging
 - Level 1.1 Stealth


You had 5 spell levels left.
You didn't know any spells.
Your spell library was empty.

Inventory:

Hand Weapons
 Y - a +1 shortbow (weapon)
Armour
 b - a +0 cloak (worn)
 f - the +1 robe of Satisfaction (worn) {+Inv rCorr}
   (You found it on level 2 of the Dungeon)

   +Inv:      It lets you turn invisible.
   rCorr:     It protects you from acid and corrosion.
 g - a +0 ring mail
Scrolls
 a - a scroll of identify
 i - a scroll of amnesia {unknown}
Potions
 d - a potion of enlightenment
 h - a potion of berserk rage {unknown}

Dungeon Overview and Level Annotations

Branches:
Dungeon (4/15)             Temple (0/1) D:4

Altars:

Annotations:
D:4 Edmund


Message History

Edmund shouts!
You hear a bark!
Edmund zaps a wand.
The puff of flame hits you.
2649 ||| PLANNING TEMPLE
2649 ||| Stepping ~*~*~tactically~*~*~ (water).
A hound comes into view.
Edmund barely misses you.
Edmund hits you with a +0 dire flail of holy wrath.
You shoot an arrow. The arrow barely misses Edmund.
A hobgoblin comes into view.
It is wielding a +0 morningstar of protection.
Edmund hits you but does no damage.
2651 |||
Found retreat position at -1,-6 (floor) with 0 blocking monsters and 3 monsters attacking at destination at distance 6
2651 ||| Stepping ~*~*~tactically~*~*~ (retreating).
2652 |||
Found retreat position at 5,-5 (floor) with 0 blocking monsters and 3 monsters attacking at destination at distance 5
2652 ||| Stepping ~*~*~tactically~*~*~ (retreating).
Edmund zaps a wand.
The puff of flame hits you.
2653 |||
Found retreat position at 4,-4 (floor) with 0 blocking monsters and 3 monsters attacking at destination at distance 4
2653 ||| Stepping ~*~*~tactically~*~*~ (retreating).
Edmund attacks as he pursues you!
Edmund hits you with a +0 dire flail of holy wrath!
2654 |||
Found retreat position at -5,7 (floor) with 0 blocking monsters and 2 monsters attacking at destination at distance 7
2654 ||| Stepping ~*~*~tactically~*~*~ (retreating).
The hobgoblin shouts!
Edmund hits you with a +0 dire flail of holy wrath.
2655 |||
Found retreat position at -4,6 (hobgoblin; floor) with 0 blocking monsters and 2 monsters attacking at destination at distance 6
2655 ||| Stepping ~*~*~tactically~*~*~ (retreating).
Edmund attacks as he pursues you! Edmund completely misses you.
2656 |||
Found retreat position at 5,-5 (floor) with 0 blocking monsters and 3 monsters attacking at destination at distance 5
2656 ||| Stepping ~*~*~tactically~*~*~ (retreating).
2657 |||
Found retreat position at 4,-4 (floor) with 0 blocking monsters and 3 monsters attacking at destination at distance 4
2657 ||| Stepping ~*~*~tactically~*~*~ (retreating).
The hound attacks as it pursues you! The hound bites you but does no damage.
Edmund closely misses you.
2658 |||
Found retreat position at 3,-3 (floor) with 0 blocking monsters and 3 monsters attacking at destination at distance 3
2658 ||| Stepping ~*~*~tactically~*~*~ (retreating).
The hound bites you but does no damage.
2659 |||
Found retreat position at 2,-2 (floor) with 0 blocking monsters and 3 monsters attacking at destination at distance 2
2659 ||| Stepping ~*~*~tactically~*~*~ (retreating).
Edmund zaps a wand.
The puff of flame hits you!
You die...
Edmund says, "That'll show my brother!"

########
#......#
#....@.#
#...h..#
#...@..#
#...>..#
##......#
#g....###.##
#..~~~......
#.~¤¤¤~.....
#..~¤¤¤¤w¤....


You could see Edmund, a hound and a hobgoblin.

Vanquished Creatures
  An ogre (D:4)
  2 hounds (D:3)
  Natasha (D:2)
  7 gnolls
  3 adders
  2 worms
  A dart slug (D:3)
  2 orcs
  2 endoplasms
  2 giant cockroaches
  3 goblins
  10 hobgoblins
  6 jackals
  A quokka (D:3)
  5 ball pythons
  5 bats
  5 frilled lizards
  8 kobolds
  3 rats
69 creatures vanquished.

Notes
Turn   | Place    | Note
-------+----------+-------------------------------------------
     0 | D:1      | qw the Gargoyle Hunter began the quest for the Orb.
     0 | D:1      | Reached XP level 1. HP: 12/12 MP: 1/1
     0 | D:1      | 0 ||| qw: Version: 0.3-a-76-g4403597
     0 | D:1      | 0 ||| qw: Game counter: 1078
     0 | D:1      | 0 ||| qw: Melee chars always use a shield: true
     0 | D:1      | 0 ||| qw: God list: Okawaru
     0 | D:1      | 0 ||| qw: Allow faded altars: false
     0 | D:1      | 0 ||| qw: Do Orc after clearing Dungeon:15 true
     0 | D:1      | 0 ||| qw: Do second Lair branch before Depths: true
     0 | D:1      | 0 ||| qw: Lair rune preference: random
     0 | D:1      | 0 ||| qw: Goals: Normal
     0 | D:1      | 0 ||| PLANNING D:1-11
   178 | D:1      | Reached XP level 2. HP: 13/17 MP: 2/2
   616 | D:1      | 616 ||| READING 2 scrolls labelled LIWNA XACEAMPE.
   617 | D:1      | 617 ||| READING scroll labelled UNTAFA DOWUARCH.
   718 | D:1      | 718 ||| DRINKING 2 lumpy dark potions.
   719 | D:1      | 719 ||| DROPPING scroll of butterflies.
   720 | D:1      | 720 ||| DROPPING potion of brilliance.
   829 | D:2      | Reached XP level 3. HP: 21/21 MP: 3/3
   859 | D:2      | Reached skill level 5 in Ranged Weapons
  1129 | D:2      | Noticed Natasha
  1134 | D:2      | Killed Natasha
  1135 | D:2      | Reached skill level 3 in Fighting
  1135 | D:2      | Reached XP level 4. HP: 21/28 MP: 4/4
  1255 | D:2      | Identified the +1 robe of Satisfaction {+Inv rCorr}
  1630 | D:2      | 1630 ||| UPGRADING to +1 robe of Satisfaction {+Inv rCorr}.
  1640 | D:2      | 1640 ||| READING scroll labelled GORUME OTHA.
  1641 | D:2      | 1641 ||| READING scroll labelled UNKEVOU ROITE.
  1642 | D:2      | 1642 ||| READING scroll labelled OGYOTR PIPPOD.
  1643 | D:2      | 1643 ||| READING scroll labelled NIQAWE GIRRYBIAT.
  1644 | D:2      | 1644 ||| READING scroll labelled PAHECR BOBBU.
  1690 | D:3      | Reached XP level 5. HP: 28/32 MP: 5/5
  1696 | D:3      | 1696 ||| FLEEEEING.
  1705 | D:3      | Reached skill level 6 in Ranged Weapons
  2462 | D:3      | 2462 ||| DROPPING +0 leather armour.
  2463 | D:3      | 2463 ||| READING scroll labelled JAERIX JAWIWN.
  2464 | D:3      | 2464 ||| READING scroll labelled WABROD PUBYMO.
  2469 | D:3      | 2469 ||| DRINKING 2 ruby potions.
  2470 | D:3      | 2470 ||| READING 2 scrolls of identify.
  2470 | D:3      | 2470 ||| IDENTIFYING black potion
  2519 | D:4      | Reached XP level 6. HP: 38/38 MP: 6/6
  2538 | D:4      | 2538 ||| FLEEEEING.
  2546 | D:4      | 2546 ||| STAIRDANCE
  2614 | D:3      | 2614 ||| UPGRADING to +0 cloak.
  2645 | D:4      | HP: 7/38 [ogre/+0 giant spiked club (27)]
  2646 | D:4      | 2646 ||| READING scroll of teleportation.
  2647 | D:4      | 2647 ||| DRINKING potion of heal wounds.
  2648 | D:4      | Found a staircase to the Ecumenical Temple.
  2648 | D:4      | Noticed Edmund
  2649 | D:4      | 2649 ||| PLANNING TEMPLE
  2649 | D:4      | 2649 ||| Stepping ~*~*~tactically~*~*~ (water).
  2651 | D:4      | 2651 ||| Stepping ~*~*~tactically~*~*~ (retreating).
  2652 | D:4      | 2652 ||| Stepping ~*~*~tactically~*~*~ (retreating).
  2653 | D:4      | 2653 ||| Stepping ~*~*~tactically~*~*~ (retreating).
  2654 | D:4      | 2654 ||| Stepping ~*~*~tactically~*~*~ (retreating).
  2654 | D:4      | HP: 7/38 [Edmund/+0 dire flail of holy wrath (5)]
  2655 | D:4      | 2655 ||| Stepping ~*~*~tactically~*~*~ (retreating).
  2656 | D:4      | 2656 ||| Stepping ~*~*~tactically~*~*~ (retreating).
  2657 | D:4      | 2657 ||| Stepping ~*~*~tactically~*~*~ (retreating).
  2658 | D:4      | 2658 ||| Stepping ~*~*~tactically~*~*~ (retreating).
  2659 | D:4      | 2659 ||| Stepping ~*~*~tactically~*~*~ (retreating).
  2659 | D:4      | Killed from afar by Edmund

Levels and vault maps discovered:
D:1:      scummos_arrival_hexagon, layout_loops_ring
D:2:      kennysheep_big_flooded_room, layout_loops_corners,
          roderic_roman_lattice, uniq_natasha
D:3:      minmay_angry_zag, layout_loops_ring
D:4:      layout_gridville, lemuel_round_altar, minmay_temple_entry_mist,
          uniq_edmund, uniq_duvessa

Skill      XL: |  1  2  3  4  5 |
---------------+----------------+-----
Ranged Weapons | 5 6 |  6.9
Fighting       | 3 4 |  4.0
Dodging        | |  1.5
Stealth        | |  1.1

Action                     |  1- 3 |  4- 6 || total
---------------------------+-------+-------++-------
   Fire: Shortbow          |    85 |   156 ||   241
    Use: Scroll            |     2 |     9 ||    11
         Potion            |     1 |     2 ||     3
 Armour: Leather armour    |    29 |    13 ||    42
         Robe              |       |    48 ||    48
  Dodge: Dodged            |    40 |    55 ||    95

Table legend:
 A = Non-vault XP
 B = Vault XP
 C = Vault XP percentage of total XP
 D = Non-vault monster count
 E = Vault monster count
 F = Vault count percentage of total count
                 A         B        C        D         E       F
            +---------+---------+-------+---------+---------+-------
      Total |     415 |      63 |  13.2 |      60 |       9 |  13.0
            +---------+---------+-------+---------+---------+-------
        D:1 |      25 |       0 |   0.0 |      17 |       0 |   0.0
        D:2 |      57 |      39 |  40.6 |      18 |       3 |  14.3
        D:3 |     163 |      24 |  12.8 |      18 |       6 |  25.0
        D:4 |     170 |       0 |   0.0 |       7 |       0 |   0.0
            +---------+---------+-------+---------+---------+-------
